[Event "*** SCC Grand Prix: Titled Tuesday Blitz"]
[Site "Chess.com"]
[Date "2020.08.25"]
[Round "5"]
[White "FMJoseHerrera"]
[Black "Duong57"]
[Result "1-0"]
[WhiteElo "2508"]
[BlackElo "2359"]
[TimeControl "180+1"]
[EndTime "10:54:50 PDT"]
[Termination "FMJoseHerrera won by resignation"]

1. Nf3 d5 2. g3 Bg4 3. Bg2 c6 4.
d3 Nd7 5. O-O Ngf6 6. c3 e5 7.
Qb3 Qb6 8. Be3 Qxb3 9. axb3 a6 10. b4 Bd6 11. Nbd2 O-O 12. Nb3 b6 13. Rfc1 h6 14.
h3 Be6 15. g4 d4 16. cxd4 Bxb3 17. Rxc6 exd4 18. Nxd4 Bxb4 19. Nxb3 Rac8 20. Rxa6 Rxc6 21. Bxc6 Rc8 22. Ra8 Rxa8 23. Bxa8 Kf8 24. Kg2 Ke7 25. Nd4 Kf8 26. Nf5 Bc5 27. Bd2 h5 28. g5 Ne8 29.
Bc6 1-0

[Event "*** SCC Grand Prix: Titled Tuesday Blitz"]
[Site "Chess.com"]
[Date "2020.08.25"]
[Round "5"]
[White "NiranjanNavalgund"]
[Black "Shivagami"]
[Result "1-0"]
[WhiteElo "2436"]
[BlackElo "2231"]
[TimeControl "180+1"]
[EndTime "10:54:50 PDT"]
[Termination "NiranjanNavalgund won by resignation"]

1. e4 c5 2. Nf3 d6 3. d4 cxd4 4. Nxd4 Nf6 5. Nc3 a6 6. a4 e5 7.
Nf3 Be6 8. Bg5 Be7 9. Bxf6 Bxf6 10. Nd5 Nd7 11. Bc4 Nb6 12. Nxf6+ Qxf6 13. Be2 Rd8 14. a5 Nc8 15. O-O O-O 16. c4 Qg6 17. Bd3 Bh3 18. Ne1 f5 19. Kh1 fxe4 20. gxh3 exd3 21. Qxd3 Qh5 22.
Qd5+ Kh8 23. Ra3 Rd7 24. Rg3 Rdf7 25. Kg1 Qe2 26. Qd3 Qxb2 27. f3 Ne7 28. Kh1 Nf5 29. Rg2 Nd4 30. Rxb2 1-0

[Event "*** SCC Grand Prix: Titled Tuesday Blitz"]
[Site "Chess.com"]
[Date "2020.08.25"]
[Round "5"]
[White "Dedic8"]
[Black "regular_legs"]
[Result "1-0"]
[WhiteElo "2747"]
[BlackElo "2534"]
[TimeControl "180+1"]
[EndTime "10:54:52 PDT"]
[Termination "Dedic8 won by resignation"]

1. e4 c6 2. d4 d5 3. e5 Bf5 4. Nf3 e6 5. Be2 Ne7 6. c3 h6 7. O-O Nd7 8. Na3 Bh7 9. Nc2 Nf5 10. Ne3 Be7 11. Bd3 Nxe3 12. Bxe3 Bxd3 13. Qxd3 c5 14. dxc5 Bxc5 15. Bxc5 Nxc5 16. Qb5+ Nd7 17. Qxb7 O-O 18. Qb5 Qc7 19. Qe2 Rfb8 20. Rfe1 a5 21.
a4 Rb6 22. Nd4 Nc5 23. Nb5 Qb8 24. Qh5 Nd3 25. Re3 Nxe5 26. Qxe5 1-0

[Event "*** SCC Grand Prix: Titled Tuesday Blitz"]
[Site "Chess.com"]
[Date "2020.08.25"]
[Round "5"]
[White "bratkoo"]
[Black "HanSchut"]
[Result "0-1"]
[WhiteElo "2517"]
[BlackElo "2259"]
[TimeControl "180+1"]
[EndTime "10:54:58 PDT"]
[Termination "HanSchut won by resignation"]

1. e4 c5 2. Nf3 d6 3. d4 cxd4 4. Nxd4 Nf6 5. Nc3 a6 6. Bg5 e6 7. f4 Be7 8. Qf3 h6 9. Bh4 g5 10. fxg5 Nfd7 11. O-O-O Ne5 12. Qe2 hxg5 13. Bg3 Nbd7 14.
Kb1 Qc7 15. h3 b5 16. Qd2 Bb7 17. a3 O-O-O 18. Ncxb5 axb5 19. Nxb5 Qb6 20. Bf2 Nc5 21. b4 Bc6 22. bxc5 dxc5 23. Qc1 Rxd1 24. Qxd1 Bxb5 25.
Ka1 Bf6 26. Qb1 Nd3+ 27. Ka2 Bc4+ 0-1

[Event "*** SCC Grand Prix: Titled Tuesday Blitz"]
[Site "Chess.com"]
[Date "2020.08.25"]
[Round "5"]
[White "MarcoCorvi"]
[Black "BigAl"]
[Result "0-1"]
[WhiteElo "2238"]
[BlackElo "2468"]
[TimeControl "180+1"]
[EndTime "10:54:59 PDT"]
[Termination "BigAl won on time"]

1. c4 Nf6 2. Nc3 g6 3. g3 d6 4.
Bg2 Bg7 5. Nf3 O-O 6. O-O e5 7. d4 Nbd7 8. dxe5 dxe5 9. Qc2 c6 10. Rd1 Qe7 11. Bg5 h6 12. Bxf6 Nxf6 13. Nd2 Ne8 14. Nf1 f5 15. Rac1 Be6 16. b3 e4 17. Ne3 h5 18. h4 Bh6 19. Rd4 Bxe3 20. fxe3 Qc7 21. Kf2 Nf6 22. Rcd1 Ng4+ 23. Kg1 Qxg3 0-1

[Event "*** SCC Grand Prix: Titled Tuesday Blitz"]
[Site "Chess.com"]
[Date "2020.08.25"]
[Round "5"]
[White "EddieMarsalla"]
[Black "ChelsieMonica"]
[Result "1-0"]
[WhiteElo "2552"]
[BlackElo "2397"]
[TimeControl "180+1"]
[EndTime "10:55:01 PDT"]
[Termination "EddieMarsalla won on time"]

1. d4 Nf6 2. Bg5 c5 3. d5 d6 4. Nc3 h6 5. Bxf6 exf6 6. e3 f5 7.
Bd3 g6 8. a4 Bg7 9. Nge2 O-O 10. O-O Nd7 11. Rb1 a5 12. Nb5 Nb6 13. c4 Bd7 14.
Nxd6 Bxa4 15. b3 Qxd6 16. bxa4 Ra7 17. Rb5 Nd7 18. Qd2 b6 19. Rfb1 Re8 20. Nc3 Be5 21. g3 Bxc3 22. Qxc3 Qe5 23. Qxe5 Re7 24. Qxe7 1-0

[Event "*** SCC Grand Prix: Titled Tuesday Blitz"]
[Site "Chess.com"]
[Date "2020.08.25"]
[Round "5"]
[White "Kassimov_B"]
[Black "Azatic"]
[Result "1-0"]
[WhiteElo "2428"]
[BlackElo "2569"]
[TimeControl "180+1"]
[EndTime "10:55:07 PDT"]
[Termination "Kassimov_B won by resignation"]

1. e4 c5 2. Nf3 e6 3. g3 Nc6 4.
Bg2 Nf6 5. d3 d6 6. O-O Be7 7. Nc3 a6 8. Ne1 Qc7 9. f4 b5 10. g4 b4 11. Na4 d5 12. g5 Nd7 13.
exd5 exd5 14. Bxd5 Bb7 15. Nf3 O-O-O 16. c4 bxc3 17.
bxc3 Nb6 18. Nxb6+ Qxb6 19. Be4 Kb8 20. Be3 Ka8 21.
Rb1 Qc7 22. Rxb7 Kxb7 23. Ne5 Rd6 24. Qa4 Rc8 25. Rb1+ Ka8 26. Qxa6+ Qa7 27. Qxc8+ 1-0

[Event "*** SCC Grand Prix: Titled Tuesday Blitz"]
[Site "Chess.com"]
[Date "2020.08.25"]
[Round "5"]
[White "chessdjw"]
[Black "eCztery"]
[Result "1-0"]
[WhiteElo "2587"]
[BlackElo "2414"]
[TimeControl "180+1"]
[EndTime "10:55:08 PDT"]
[Termination "chessdjw won by resignation"]

1. d4 Nf6 2. c4 e6 3. Nc3 d5 4.
cxd5 exd5 5. Bg5 Nbd7 6. e3 Bb4 7. Bd3 O-O 8. Ne2 h6 9. Bh4 Bd6 10. O-O c6 11. f3 Qe7 12. Bf2 Nb6 13. Qc2 Re8 14.
Rae1 Bd7 15. Ng3 Rad8 16. Nf5 Bxf5 17. Bxf5 Bb8 18. g3 Nc4 19. Bd3 Nd6 20. Kg2 g6 21. e4 dxe4 22. fxe4 Ng4 23. e5 Nb5 24. Nxb5 cxb5 25.
Bxb5 Rc8 26. Qe4 Nxf2 27. Rxf2 Red8 28. Ref1 Rf8 29. Ba4 Rc7 30. Bb3 Qd8 31. Qxg6+ Kh8 32. Qxh6+ Kg8 33. Rf4 Qc8 34. Qg5+ 1-0

[Event "*** SCC Grand Prix: Titled Tuesday Blitz"]
[Site "Chess.com"]
[Date "2020.08.25"]
[Round "5"]
[White "Jabberwockiez"]
[Black "IvanSoriano1"]
[Result "0-1"]
[WhiteElo "2247"]
[BlackElo "2577"]
[TimeControl "180+1"]
[EndTime "10:55:09 PDT"]
[Termination "IvanSoriano1 won by resignation"]

1. e4 e5 2. Nf3 Nc6 3. Bb5 a6 4. Ba4 Nf6 5. O-O Nxe4 6. Re1 b5 7.
Rxe4 bxa4 8. Nxe5 Nxe5 9. Rxe5+ Be7 10. Qg4 O-O 11. Rh5 d5 12. Qf3 c6 13. d4 Bf6 14.
Be3 Rb8 15. b3 axb3 16. axb3 g6 17. Re5 Bxe5 18. dxe5 Bf5 19. Rxa6 Bxc2 20. Nd2 Ra8 21. Rxc6 Ra1+ 22. Nf1 Be4 23. Qh3 d4 24. Bh6 Bxc6 25. Bxf8 Bb5 0-1

[Event "*** SCC Grand Prix: Titled Tuesday Blitz"]
[Site "Chess.com"]
[Date "2020.08.25"]
[Round "5"]
[White "seorobert1971"]
[Black "tigra"]
[Result "0-1"]
[WhiteElo "2637"]
[BlackElo "2895"]
[TimeControl "180+1"]
[EndTime "10:55:10 PDT"]
[Termination "tigra won by resignation"]

1. c4 e5 2. Nc3 Nc6 3. Nf3 g6 4. g3 Bg7 5. Bg2 Nge7 6. O-O O-O 7. d3 d6 8. Rb1 a5 9. a3 f5 10. Nd2 g5 11. b4 axb4 12. axb4 Ng6 13. Nd5 Nd4 14. e3 Ne6 15. b5 g4 16. Re1 h5 17.
Nb3 h4 18. e4 Nc5 19. Nxc5 dxc5 20. exf5 Bxf5 21. Be3 b6 22. Qe2 Qd7 23. Rbd1 Ra3 24. Bc1 Ra1 25. Ne3 Be6 26. Bc6 Qf7 27. Rf1 e4 28. Bxe4 Ne5 29. Bb2 Ra2 30. Rb1 hxg3 31. fxg3 Nf3+ 32. Bxf3 gxf3 33. Qf2 Bd4 34. Rfe1 Bf5 35.
Nd1 Bxf2+ 0-1

[Event "*** SCC Grand Prix: Titled Tuesday Blitz"]
[Site "Chess.com"]
[Date "2020.08.25"]
[Round "5"]
[White "Fischerev7"]
[Black "EnergeticHay"]
[Result "1-0"]
[WhiteElo "2349"]
[BlackElo "2192"]
[TimeControl "180+1"]
[EndTime "10:55:11 PDT"]
[Termination "Fischerev7 won by resignation"]

1. e4 c5 2. Nf3 d6 3. d4 cxd4 4. Nxd4 Nf6 5. Nc3 a6 6. Be3 e6 7.
g4 b5 8. g5 Nfd7 9. a3 Bb7 10.
f4 Nc6 11. Nxc6 Bxc6 12. Bd3 Nc5 13. Qe2 Be7 14. h4 d5 15. exd5 Bxd5 16. Nxd5 Qxd5 17. O-O-O O-O-O 18. Bxb5 Qa2 19. Bxa6+ Kb8 20. c3 Ka8 21. Bxc5 Bxc5 22. Qe4+ Rd5 23. Bc4 1-0

[Event "*** SCC Grand Prix: Titled Tuesday Blitz"]
[Site "Chess.com"]
[Date "2020.08.25"]
[Round "5"]
[White "StellarChessPro"]
[Black "Savva09022009"]
[Result "1-0"]
[WhiteElo "2489"]
[BlackElo "2322"]
[TimeControl "180+1"]
[EndTime "10:55:12 PDT"]
[Termination "StellarChessPro won by resignation"]

1. d4 Nf6 2. Bg5 Ne4 3. Bf4 d5 4. f3 Nf6 5. e4 dxe4 6. Nc3 exf3 7. Nxf3 e6 8. Bd3 Bd6 9. Qd2 O-O 10. O-O-O Nc6 11.
Bg5 a6 12. Rdf1 Be7 13. h4 b5 14. Ne4 Nxe4 15. Bxe4 Bb7 16. Qd3 f5 17. Bxc6 Bxc6 18. Re1 Bd5 19. b3 c5 20. dxc5 Qc7 21. Bxe7 Bxf3 22.
Bxf8 Be4 23. Rxe4 fxe4 24. Qxe4 Rxf8 25. Qxe6+ Kh8 26. Qd6 Qf7 27. Re1 a5 28. c6 a4 29.
c7 axb3 30. axb3 Qf2 31. Rd1 Qe3+ 32. Kb1 Ra8 33. Qd8+ 1-0

[Event "*** SCC Grand Prix: Titled Tuesday Blitz"]
[Site "Chess.com"]
[Date "2020.08.25"]
[Round "5"]
[White "GAusal"]
[Black "Vamostodorecto"]
[Result "1-0"]
[WhiteElo "2170"]
[BlackElo "2318"]
[TimeControl "180+1"]
[EndTime "10:55:12 PDT"]
[Termination "GAusal won by resignation"]

1. e4 e5 2. Nf3 Nc6 3. d4 exd4 4. c3 Nf6 5. Bd3 d5 6. e5 Ne4 7. O-O dxc3 8. Nxc3 Nxc3 9. bxc3 Be7 10. Rb1 O-O 11.
Rb5 Be6 12. Qc2 h6 13. Rxb7 Bg4 14. Qa4 Qe8 15. Qxg4 f5 16. Bxf5 Bc5 17. Bxh6 Qe7 18. Be6+ Kh8 19. Bg5 Qe8 20. Qh4+ 1-0

[Event "*** SCC Grand Prix: Titled Tuesday Blitz"]
[Site "Chess.com"]
[Date "2020.08.25"]
[Round "5"]
[White "FairChess_on_YouTube"]
[Black "Brave_spirit12"]
[Result "1-0"]
[WhiteElo "2982"]
[BlackElo "2545"]
[TimeControl "180+1"]
[EndTime "10:55:14 PDT"]
[Termination "FairChess_on_YouTube won by checkmate"]

1. d4 Nf6 2. c4 e6 3. Nf3 d5 4. Bg5 Be7 5. e3 O-O 6. Qc2 c6 7. Nc3 Nbd7 8. Rd1 Re8 9. a3 Nf8 10. Bd3 a6 11. O-O dxc4 12. Bxc4 b5 13. Bd3 Bb7 14.
e4 Qb6 15. e5 Nd5 16. Nxd5 cxd5 17. h4 Rac8 18. Qd2 b4 19. Bxe7 Rxe7 20. axb4 h6 21.
Rc1 Rec7 22. Rc5 Nd7 23. Rfc1 Nxc5 24. dxc5 Qc6 25. Nd4 Qe8 26. Rc3 a5 27. bxa5 Rxc5 28. Rxc5 Rxc5 29. b4 Rc8 30. a6 Ba8 31. b5 Qd8 32. g3 Qb6 33. Qb4 Rc1+ 34. Kh2 Rc4 35. Qd6 Qxd4 36. Qd8# 1-0

[Event "*** SCC Grand Prix: Titled Tuesday Blitz"]
[Site "Chess.com"]
[Date "2020.08.25"]
[Round "5"]
[White "Supernotar"]
[Black "ChessWarrior7197"]
[Result "0-1"]
[WhiteElo "2727"]
[BlackElo "2922"]
[TimeControl "180+1"]
[EndTime "10:55:21 PDT"]
[Termination "ChessWarrior7197 won by resignation"]

1. d4 d5 2. c4 e6 3. Nf3 Nf6 4. e3 c6 5. Nbd2 Nbd7 6. Bd3 Bd6 7. O-O O-O 8. e4 dxe4 9. Nxe4 Nxe4 10. Bxe4 Nf6 11. Bc2 b6 12. b3 Bb7 13. Bb2 c5 14. dxc5 Bxc5 15. Qe2 Qc7 16. Rad1 Rad8 17. Ne5 Rxd1 18. Rxd1 Rd8 19. Ng4 Nxg4 20. Qxg4 g6 21. Bf6 Rxd1+ 22. Qxd1 Bxf2+ 23. Kxf2 Qf4+ 24. Ke1 Qxf6 25. Qd7 Bxg2 26. Qxa7 Qc3+ 27. Kd1 Bf3+ 28. Kc1 Be4 29.
Qa8+ Bxa8 0-1

[Event "*** SCC Grand Prix: Titled Tuesday Blitz"]
[Site "Chess.com"]
[Date "2020.08.25"]
[Round "5"]
[White "ThePatrick27"]
[Black "salomez"]
[Result "1-0"]
[WhiteElo "2459"]
[BlackElo "2223"]
[TimeControl "180+1"]
[EndTime "10:55:22 PDT"]
[Termination "ThePatrick27 won by resignation"]

1. d4 Nf6 2. c4 g6 3. Nc3 d5 4. cxd5 Nxd5 5. e4 Nxc3 6. bxc3 Bg7 7. Be3 c5 8. Nf3 O-O 9. Rc1 Bg4 10. Be2 Nd7 11.
Nd2 Bxe2 12. Qxe2 Rc8 13. O-O Nf6 14. dxc5 Qa5 15. Nb3 Qa4 16. f3 Rfd8 17. Rfd1 Nd7 18. Bd4 e6 19. Bxg7 Kxg7 20. Rd4 Qc6 21. Rcd1 Qc7 22.
Qd2 Nxc5 23. Rxd8 Nxb3 24. Rxc8 Qb6+ 25. Qf2 1-0

[Event "*** SCC Grand Prix: Titled Tuesday Blitz"]
[Site "Chess.com"]
[Date "2020.08.25"]
[Round "5"]
[White "Diego_FloresQ"]
[Black "Mbneu"]
[Result "0-1"]
[WhiteElo "2390"]
[BlackElo "2230"]
[TimeControl "180+1"]
[EndTime "10:55:23 PDT"]
[Termination "Mbneu won by resignation"]

1. e4 c5 2. Nf3 Nf6 3. e5 Nd5 4. Nc3 Nxc3 5. dxc3 Nc6 6. Bf4 e6 7. Qd2 Qc7 8. O-O-O h6 9. h4 a6 10. Kb1 b5 11. g4 Bb7 12. Bg2 Ne7 13. Bg3 Nd5 14. h5 c4 15. g5 b4 16. cxb4 c3 17.
bxc3 Nxc3+ 18. Ka1 Bxb4 19. Rb1 Nxb1 20. Qxb4 Qc3+ 21. Qxc3 Nxc3 22. g6 fxg6 23. hxg6 O-O 0-1

[Event "*** SCC Grand Prix: Titled Tuesday Blitz"]
[Site "Chess.com"]
[Date "2020.08.25"]
[Round "5"]
[White "tdf98pantani"]
[Black "ljuks68"]
[Result "0-1"]
[WhiteElo "2644"]
[BlackElo "2447"]
[TimeControl "180+1"]
[EndTime "10:55:25 PDT"]
[Termination "ljuks68 won by checkmate"]

1. d4 d5 2. c4 c6 3. e3 Nf6 4. Nc3 e6 5. b3 Nbd7 6. Bd3 Bd6 7.
Nge2 e5 8. cxd5 cxd5 9. dxe5 Nxe5 10. Bb5+ Nc6 11. O-O O-O 12. Bb2 Bxh2+ 13. Kxh2 Ng4+ 14.
Kg3 Qg5 15. Qxd5 Nce5 16. Ne4 Qf5 17. Nf4 h5 18. Rh1 h4+ 19. Rxh4 g5 20. Nxg5 Qxg5 21. Rh5 Qg7 22. Bxe5 Nxe5+ 23. Kh4 Qg4# 0-1

[Event "*** SCC Grand Prix: Titled Tuesday Blitz"]
[Site "Chess.com"]
[Date "2020.08.25"]
[Round "5"]
[White "CraiggoryC"]
[Black "Colombiano07"]
[Result "1-0"]
[WhiteElo "2138"]
[BlackElo "2306"]
[TimeControl "180+1"]
[EndTime "10:55:38 PDT"]
[Termination "CraiggoryC won by resignation"]

1. e4 g6 2. d4 Bg7 3. Nc3 d5 4. exd5 Nf6 5. Bb5+ Nbd7 6. Nf3 O-O 7. O-O Nb6 8. Re1 Nbxd5 9. Nxd5 Qxd5 10. Be2 Bg4 11. c3 Rad8 12. h3 Bf5 13. Ne5 c5 14.
Bf3 Qd6 15. dxc5 Qxc5 16. Qb3 b6 17. Nc6 Rd7 18. Be3 Qd6 19. Rad1 Qc7 20. Rxd7 Qxd7 21. Bd4 Be6 22. Qa3 Bd5 23. Nxe7+ Kh8 24. Nxd5 Nxd5 25.
Bxg7+ Kxg7 26. Rd1 Qe7 27. Rxd5 Qxa3 28. bxa3 Rc8 29.
c4 Rxc4 30. Rd7 Ra4 31. Rd3 Kf6 32. Kh2 Ke5 33. g3 f5 34. Rb3 Kd4 35. Rb4+ Rxb4 36. axb4 Kc3 37. b5 Kb4 38. Bc6 Ka3 39. g4 Kxa2 40.
gxf5 gxf5 41. Kg3 Kb3 42. Kf4 Kc4 43. Kxf5 Kc5 44. Ke6 a5 45. bxa6 Kxc6 46. f4 b5 47. f5 b4 48. f6 b3 49. f7 b2 50. f8=Q b1=Q 51. Qc8+ Kb6 52. Qb7+ Ka5 53. Qxb1 1-0

[Event "*** SCC Grand Prix: Titled Tuesday Blitz"]
[Site "Chess.com"]
[Date "2020.08.25"]
[Round "5"]
[White "Alexsur1981"]
[Black "biostatistician"]
[Result "1-0"]
[WhiteElo "2657"]
[BlackElo "2490"]
[TimeControl "180+1"]
[EndTime "10:55:42 PDT"]
[Termination "Alexsur1981 won by resignation"]

1. e4 e6 2. d4 d5 3. Nd2 Nc6 4. c3 e5 5. exd5 Qxd5 6. Ngf3 exd4 7. Bc4 Qh5 8. O-O Be6 9. Bxe6 fxe6 10. Qb3 O-O-O 11.
Qxe6+ Kb8 12. Nxd4 Nxd4 13. cxd4 Bd6 14. Nf3 Nf6 15. h3 Rhe8 16. Qb3 Ne4 17. Re1 g5 18. Ne5 Bxe5 19. dxe5 Rxe5 20. Be3 Qe8 21. Rad1 Nd6 22. Qc3 Re4 23. Bxg5 Rc8 24. f3 Re2 25. Rxe2 Qxe2 26. Qd2 Qb5 27. b3 b6 28. Bf4 Nf5 29. Qd5 Qxd5 30. Rxd5 Ne7 31. Rd7 Ng6 32.
Bg3 h5 33. h4 a5 34. Rh7 Kb7 35.
Rxh5 a4 36. Rh7 Nf8 37. Re7 Ng6 38. Rf7 axb3 39. axb3 b5 40. h5 Nh8 41. Rg7 Kb6 42.
h6 c5 43. h7 c4 44. bxc4 bxc4 45. Rg8 Kb7 46. Rxc8 Kxc8 47. Be5 Nf7 48. h8=Q+ Nxh8 49. Bxh8 1-0

[Event "*** SCC Grand Prix: Titled Tuesday Blitz"]
[Site "Chess.com"]
[Date "2020.08.25"]
[Round "5"]
[White "SGchess01"]
[Black "SlavenPastar"]
[Result "1-0"]
[WhiteElo "2727"]
[BlackElo "2440"]
[TimeControl "180+1"]
[EndTime "10:55:42 PDT"]
[Termination "SGchess01 won by resignation"]

1. e4 b6 2. d4 Bb7 3. Nc3 e6 4. Bd3 Nf6 5. Nge2 d5 6. e5 Ng8 7. O-O c5 8. Nf4 c4 9. Be2 Ne7 10. b3 cxb3 11. axb3 Ng6 12. Bb5+ Bc6 13. Bd3 Nxf4 14. Bxf4 Qd7 15. Qe2 a5 16. Nb5 Be7 17. Nd6+ Bxd6 18. exd6 Qb7 19. Be5 f6 20. Bxf6 gxf6 21.
Qxe6+ Kf8 22. Qxf6+ Kg8 23. Bf5 Bd7 24. Rae1 Nc6 25. Qg5+ Kf7 26. Re7+ Nxe7 27. Qxe7+ Kg8 28. Bxd7 1-0

[Event "*** SCC Grand Prix: Titled Tuesday Blitz"]
[Site "Chess.com"]
[Date "2020.08.25"]
[Round "5"]
[White "AlexeiShirov"]
[Black "WPWPWP-2015"]
[Result "1-0"]
[WhiteElo "2708"]
[BlackElo "2470"]
[TimeControl "180+1"]
[EndTime "10:55:43 PDT"]
[Termination "AlexeiShirov won by checkmate"]

1. e4 e5 2. Nf3 Nc6 3. Bb5 Nf6 4. d3 d6 5. Nc3 Be7 6. Ne2 O-O 7. O-O Bd7 8. c3 a6 9. Ba4 Re8 10. Ng3 Bf8 11. d4 exd4 12. cxd4 Nxe4 13. Nxe4 Rxe4 14. Ng5 Rxd4 15. Qh5 h6 16. Qxf7+ Kh8 17. Qg6 hxg5 18.
Bc2 Kg8 19. Qh7+ Kf7 20. Qh5+ Ke6 21. Bxg5 Qe8 22. Bg6 Qc8 23. Bf7+ Ke5 24. Rfe1+ Re4 25. Bf4+ Kf6 26. Qg6+ Ke7 27. Bg5# 1-0

[Event "*** SCC Grand Prix: Titled Tuesday Blitz"]
[Site "Chess.com"]
[Date "2020.08.25"]
[Round "5"]
[White "arminmusovic"]
[Black "x-6099009240"]
[Result "1-0"]
[WhiteElo "2581"]
[BlackElo "2412"]
[TimeControl "180+1"]
[EndTime "10:55:44 PDT"]
[Termination "arminmusovic won by checkmate"]

1. a3 Nf6 2. Nc3 g6 3. e4 d6 4. d4 Bg7 5. Bg5 O-O 6. f4 c6 7. Nf3 Nbd7 8. e5 Nd5 9. Nxd5 cxd5 10. Bh4 dxe5 11. fxe5 Qb6 12. Bxe7 Re8 13. Bb4 f6 14.
Be2 fxe5 15. dxe5 Nxe5 16. Qxd5+ Be6 17. Qc5 Nxf3+ 18. Bxf3 Bc4+ 19. Kd1 Bh6 20. Qxc4+ Kg7 21. Bc3+ Kf8 22. Rf1 Rad8+ 23. Bd5+ Ke7 24. Rf7+ Kd6 25. Bb4+ Ke5 26. Qe4# 1-0

[Event "*** SCC Grand Prix: Titled Tuesday Blitz"]
[Site "Chess.com"]
[Date "2020.08.25"]
[Round "5"]
[White "remi04"]
[Black "Firouzja2003"]
[Result "0-1"]
[WhiteElo "2593"]
[BlackElo "2976"]
[TimeControl "180+1"]
[EndTime "10:55:46 PDT"]
[Termination "Firouzja2003 won by resignation"]

1. e4 c5 2. Nf3 d6 3. d4 cxd4 4. Qxd4 Nc6 5. Qe3 Nf6 6. Be2 g6 7. O-O Bg7 8. c4 O-O 9. Nc3 b6 10. Rb1 Bb7 11. h3 Nd7 12. b3 Nde5 13. Bb2 Nxf3+ 14. Bxf3 Nd4 15. Nd5 e5 16. Nc3 f5 17.
Rbd1 Qh4 18. Nd5 Bxd5 19. cxd5 Bh6 20. Qd3 Nxf3+ 21. Qxf3 fxe4 22. Qe2 Rac8 23. Rde1 e3 24. fxe3 Rxf1+ 25. Rxf1 Qe4 26. Kh1 Rc2 0-1

[Event "*** SCC Grand Prix: Titled Tuesday Blitz"]
[Site "Chess.com"]
[Date "2020.08.25"]
[Round "5"]
[White "Bubachess1608"]
[Black "anskam"]
[Result "1-0"]
[WhiteElo "2254"]
[BlackElo "1642"]
[TimeControl "180+1"]
[EndTime "10:55:46 PDT"]
[Termination "Bubachess1608 won by checkmate"]

1. e4 c5 2. d3 d6 3. f4 Nc6 4. Nf3 e5 5. g3 Nf6 6. Bg2 Bg4 7.
h3 Bxf3 8. Qxf3 Nd4 9. Qd1 exf4 10.
c3 Nc6 11. Bxf4 Be7 12. O-O Qb6 13. Qe2 O-O 14. Kh2 g6 15. Na3 Ne5 16. Bg5 Qd8 17.
d4 cxd4 18. cxd4 Nc6 19. Rad1 Nh5 20. Bh6 Ng7 21. Nc4 b5 22. Ne3 Qb6 23. Qd2 Rad8 24. Nd5 Qb8 25. Bg5 Bxg5 26. Qxg5 Ne6 27. Qh6 f5 28. exf5 Ng7 29. fxg6 hxg6 30. Nf6+ Rxf6 31.
Rxf6 Rf8 32. Rxg6 Rf7 33. Bxc6 Qf8 34. Bd5 Qe7 35. Qxg7# 1-0

[Event "*** SCC Grand Prix: Titled Tuesday Blitz"]
[Site "Chess.com"]
[Date "2020.08.25"]
[Round "5"]
[White "Caterpiller35"]
[Black "Kaliopa"]
[Result "1-0"]
[WhiteElo "2346"]
[BlackElo "2192"]
[TimeControl "180+1"]
[EndTime "10:55:47 PDT"]
[Termination "Caterpiller35 won by resignation"]

1. e4 c5 2. Nc3 Nc6 3. Bb5 Nd4 4. Bc4 a6 5. d3 b5 6. Bb3 e6 7.
Nge2 Ne7 8. Nxd4 cxd4 9. Ne2 Nc6 10. O-O Bc5 11. f4 O-O 12. f5 Ne5 13. Ng3 d5 14. f6 Bb7 15. Qh5 Ng6 16. fxg7 Re8 17. Rxf7 Kxf7 18.
Qxh7 Rg8 19. Bh6 Qh4 20. Rf1+ Ke7 21. Qxg6 Rae8 22. Bg5+ Qxg5 23. Qxg5+ Kd7 24. exd5 exd5 25. Bxd5 Be7 26. Qf5+ Kd8 27. Bxb7 1-0

[Event "*** SCC Grand Prix: Titled Tuesday Blitz"]
[Site "Chess.com"]
[Date "2020.08.25"]
[Round "5"]
[White "barbara25"]
[Black "Smascher17"]
[Result "1/2-1/2"]
[WhiteElo "2280"]
[BlackElo "2458"]
[TimeControl "180+1"]
[EndTime "10:55:48 PDT"]
[Termination "Game drawn by repetition"]

1. e4 c5 2. Nf3 d6 3. d4 cxd4 4. Nxd4 Nf6 5. Nc3 a6 6. f3 e5 7. Nb3 Be7 8. Be3 Be6 9. Qd2 Nbd7 10. O-O-O b5 11. g4 O-O 12. h4 Nb6 13. g5 Nh5 14. Nd5 Nxd5 15. exd5 Bf5 16. Bd3 Bxd3 17. Qxd3 Qd7 18.
Kb1 a5 19. Nd2 f5 20. gxf6 Nxf6 21. Ne4 Nxe4 22. fxe4 Rac8 23. Bg5 b4 24. Bxe7 Qxe7 25. h5 Rf4 26. h6 g6 27. Rde1 Rf2 28. Rc1 Qc7 29.
Rhf1 Rcf8 30. Rxf2 Rxf2 31. Qa6 Rf4 32. b3 g5 33. Rg1 g4 34. Qe2 Qd7 35. Qa6 Qd8 36. Qb7 Rf7 37. Rxg4+ Kf8 38. Qb5 Rf6 39. Qb7 Rf7 40.
Qb5 Rf6 41. Qb7 Rf7 1/2-1/2

[Event "*** SCC Grand Prix: Titled Tuesday Blitz"]
[Site "Chess.com"]
[Date "2020.08.25"]
[Round "5"]
[White "Dinamo3"]
[Black "narutosmith"]
[Result "1-0"]
[WhiteElo "2476"]
[BlackElo "2284"]
[TimeControl "180+1"]
[EndTime "10:55:50 PDT"]
[Termination "Dinamo3 won by checkmate"]

1. e4 c5 2. Nf3 e6 3. d3 Nc6 4. Nbd2 g6 5. g3 Bg7 6. Bg2 Nge7 7. O-O O-O 8. Re1 e5 9. Nc4 d6 10. Bg5 h6 11. Be3 b5 12. Ncd2 Rb8 13. c3 f5 14.
Nf1 f4 15. gxf4 exf4 16. Bc1 g5 17. h3 b4 18. Qc2 Ng6 19. N1h2 h5 20. h4 g4 21. Ng5 Qf6 22. e5 Ncxe5 23. d4 Nf3+ 24. Nhxf3 gxf3 25. Bxf3 Nxh4 26. Qh7# 1-0

[Event "*** SCC Grand Prix: Titled Tuesday Blitz"]
[Site "Chess.com"]
[Date "2020.08.25"]
[Round "5"]
[White "Anton_Demchenko"]
[Black "Meri-Arabidze"]
[Result "1-0"]
[WhiteElo "2840"]
[BlackElo "2600"]
[TimeControl "180+1"]
[EndTime "10:55:55 PDT"]
[Termination "Anton_Demchenko won on time"]

1. e4 c5 2. Nc3 e6 3. Nf3 Nc6 4. d4 cxd4 5. Nxd4 a6 6. g3 Qc7 7.
Bg2 Nf6 8. O-O Bc5 9. Bf4 Ne5 10.
Bxe5 Qxe5 11. Nf3 Qc7 12. e5 Ng4 13. Qe2 f5 14. exf6 Nxf6 15. Ng5 O-O 16. Nce4 Be7 17. c4 Rb8 18. Rac1 b6 19. Rfd1 Bb7 20. h4 h6 21. Nxf6+ Bxf6 22. Bxb7 hxg5 23. Be4 gxh4 24. Qh5 Qe5 25. Qh7+ Kf7 26. Rxd7+ Ke8 27. Rcd1 1-0

[Event "*** SCC Grand Prix: Titled Tuesday Blitz"]
[Site "Chess.com"]
[Date "2020.08.25"]
[Round "5"]
[White "Paladin61"]
[Black "MasterKroket"]
[Result "1-0"]
[WhiteElo "2680"]
[BlackElo "2425"]
[TimeControl "180+1"]
[EndTime "10:55:55 PDT"]
[Termination "Paladin61 won by resignation"]

1. b3 e5 2. Bb2 Nc6 3. e3 Nf6 4. Bb5 d6 5. Ne2 Bd7 6. d4 Be7 7. O-O exd4 8. Nxd4 O-O 9. Bxc6 bxc6 10. Qf3 c5 11.
Nc6 Qe8 12. Nxe7+ Qxe7 13. Bxf6 gxf6 14. Nc3 f5 15. Nd5 Qd8 16. c4 Kh8 17. Rad1 Rg8 18.
Qe2 Bc6 19. Qb2+ Rg7 20. g3 Qg5 21. Qf6 Qg4 22. Rd2 Qf3 23. Qh4 Re8 24. Qf4 Qe4 25. Qxe4 fxe4 26. Nxc7 Rd8 27. Rfd1 Rg6 28. Nd5 Re8 29.
Nf4 1-0

[Event "*** SCC Grand Prix: Titled Tuesday Blitz"]
[Site "Chess.com"]
[Date "2020.08.25"]
[Round "5"]
[White "Schack-Hugo"]
[Black "GustavoJuarezF"]
[Result "1-0"]
[WhiteElo "2288"]
[BlackElo "2063"]
[TimeControl "180+1"]
[EndTime "10:55:55 PDT"]
[Termination "Schack-Hugo won on time"]

1. d4 Nf6 2. Nf3 d5 3. g3 e6 4. Bg2 c5 5. c3 Nc6 6. O-O cxd4 7. cxd4 Be7 8. Nc3 O-O 9. b3 b6 10. Bb2 Ba6 11. Rc1 Rc8 12. Re1 Na5 13. Ne5 Nd7 14.
f4 Nxe5 15. fxe5 Bg5 16. e3 Nc6 17. h4 Bh6 18. Qh5 Nxd4 19. exd4 Bxc1 20. Rxc1 Bd3 21.
Qf3 Ba6 22. Bf1 f6 23. Bxa6 fxe5 24. Qe3 Rc7 25. Qxe5 1-0